 Dungeon Crawl Stone Soup version 0.29-a0-106-g0a07039d5a (webtiles) character file.

Game seed: 5895290199589192937

765 siradein the Shield-Bearer (level 7, -5/63 HPs)
             Began as a Minotaur Fighter on Feb 17, 2022.
             Slain by Menkaure (12 damage)
             ... on level 4 of the Dungeon.
             The game lasted 00:14:24 (4830 turns).

siradein the Shield-Bearer (Minotaur Fighter)       Turns: 4830, Time: 00:14:25

Health: -5/63      AC:  7    Str: 20    XL:     7   Next: 51%
Magic:  6/6        EV:  9    Int:  5    God:
Gold:   174        SH:  5    Dex: 12    Spells: 6/6 levels left

rFire   . . .      SeeInvis .   a - +0 long sword
rCold   . . .      Faith    .   c - +0 buckler
rNeg    . . .      Spirit   .   b - +0 scale mail
rPois   .          Reflect  .   (helmet restricted)
rElec   .          Harm     .   (no cloak)
rCorr   +          Rampage  .   (no gloves)
Will    .....                   (no boots)
Stlth   ..........              (no amulet)
HPRegen 0.20/turn               w - ring of resist corrosion
MPRegen 0.10/turn               (no ring)

@: no status effects
A: horns 2, retaliatory headbutt
a: no special abilities


You were on level 4 of the Dungeon.
You visited 1 branch of the dungeon, and saw 4 of its levels.

You collected 174 gold pieces.

Inventory:

Hand Weapons
 a - a +0 long sword (weapon)
Missiles
 g - 6 boomerangs (quivered)
 v - 2 poisoned darts
Armour
 b - a +0 scale mail (worn)
 c - a +0 buckler (worn)
Jewellery
 w - a ring of resist corrosion (left hand)
 C - a +6 ring of strength
Wands
 p - a wand of flame (5)
Scrolls
 f - 2 scrolls of immolation {unknown}
 h - a scroll of brand weapon {unknown}
 j - a scroll of magic mapping {unknown}
 l - 2 scrolls of teleportation {unknown}
 m - a scroll of enchant weapon {unknown}
 n - 3 scrolls of identify {unknown}
 r - a scroll of fog {unknown}
 s - a scroll of torment {unknown}
 t - a scroll of fear {unknown}
 x - a scroll of noise {unknown}
 y - a scroll of enchant armour {unknown}
 B - a scroll of holy word {unknown}
Potions
 d - a potion of might
 e - a potion of attraction {unknown}
 i - 2 potions of mutation {unknown}
 k - a potion of lignification {unknown}
 o - a potion of heal wounds {unknown}
 q - a potion of ambrosia {unknown}
 u - 2 potions of curing {unknown}
 z - a potion of haste {unknown}
 A - a potion of cancellation {unknown}


   Skills:
 + Level 6.1 Fighting
 + Level 5.5 Long Blades
 + Level 6.1 Armour
 + Level 6.2 Shields


You had 6 spell levels left.
You didn't know any spells.
Your spell library contained the following spells:

 Spells                   Type           Power      Damage    Failure   Level
 Sublimation of Blood     Necr           0%         N/A       95%         2
 Wereblood                Tmut           0%         N/A       95%         2
 Conjure Flame            Conj/Fire      0%         6-21      99%         3
 Ignite Poison            Fire/Tmut/Pois 0%         N/A       99%         3
 Sticky Flame             Conj/Fire      0%         2d3       100%        4
 Summon Hydra             Summ           0%         N/A       100%        7


Dungeon Overview and Level Annotations

Branches:
Dungeon (4/15)
 Temple: D:4-7

Altars:

Annotations:
D:2 1 runed translucent door, Crazy Yiuf
D:4 Blork the orc, Menkaure


Innate Abilities, Weirdness & Mutations

You have a pair of horns on your head.
You reflexively headbutt those who attack you in melee.


Message History

The orc shouts!
Blork the orc comes into view.
He is wielding a +0 dire flail.
Menkaure mumbles in an indecipherable tongue.
You bump into the rock wall.
Blork the orc shouts!
The orc wizard gestures at you while chanting.
You are more confused.
You bump into the rock wall.
Blork the orc gestures wildly while chanting.
Blork the orc seems to speed up.
You bump into the rock wall.
Menkaure casts a spell.
Menkaure seems to speed up.
You bump into the rock wall.
Blork the orc gestures at you while chanting.
The magic dart hits you! Menkaure hits you. Blork the orc closely misses you.
You see here a +0 spear.
You hit Blork the orc. You headbutt Blork the orc.
Blork the orc is moderately wounded.
Blork the orc barely misses you. Menkaure hits you but does no damage.
Blork the orc hits you with a +0 dire flail!
Menkaure closely misses you.
You bump into the rock wall.
Blork the orc closely misses you. Menkaure hits you but does no damage.
You bump into the rock wall.
Blork the orc hits you but does no damage.
Menkaure closely misses you. Blork the orc casts a spell at you.
The magic dart hits you.
You barely miss Menkaure. Menkaure hits you!!
* * * LOW HITPOINT WARNING * * *
Blork the orc hits you with a +0 dire flail.
* * * LOW HITPOINT WARNING * * *
You bump into the rock wall.
You feel less confused.
Blork the orc gestures at you while chanting.
The puff of frost hits you but does no damage.
Menkaure hits you!
You die...

.# ### ..# ##.### ...
...####..#.## ...#
#.>..#......# .
....###...........# ....
.o..............# ...o
.o.............### ...^.
#.####.##.##.##.### #....#
#o#@###..........#
......####oM.o....#.....###
......)....#......#...###
...........##...#.....###
............###.###.....#####
.......†...#.##..<.........#.
......................#......
...........##.........#......
...........##........###.....


You could see Blork the orc (fast), Menkaure (fast) and an orc.

Vanquished Creatures
  An ogre (D:4)
  3 phantoms
  An orc priest (D:4)
  2 hounds (D:4)
  2 centaur skeletons
  2 iguanas
  Terence (D:2)
  Natasha (thrice) (D:2)
  5 gnolls
  3 adders
  An adder skeleton (D:4)
  2 worms (D:2)
  3 dart slugs
  4 orcs (D:3)
  8 ball pythons
  4 bats
  4 endoplasms
  3 giant cockroaches
  4 goblins
  8 hobgoblins
  6 quokkas
  2 frilled lizards
  5 kobolds
  6 rats
83 creatures vanquished.

Notes
Turn   | Place    | Note
-------+----------+-------------------------------------------
     0 | D:1      | siradein the Minotaur Fighter began the quest for the Orb.
     0 | D:1      | Reached XP level 1. HP: 19/19 MP: 0/0
   204 | D:1      | Reached XP level 2. HP: 3/27 MP: 1/1
   751 | D:1      | Reached XP level 3. HP: 33/33 MP: 2/2
  1204 | D:2      | Reached XP level 4. HP: 37/41 MP: 3/3
  1468 | D:2      | Noticed Natasha
  1482 | D:2      | Killed Natasha
  1655 | D:2      | Noticed Natasha
  1656 | D:2      | Noticed Terence
  1664 | D:2      | Killed Natasha
  1665 | D:2      | Reached XP level 5. HP: 47/47 MP: 4/4
  1671 | D:2      | Killed Terence
  1945 | D:2      | Noticed Natasha
  1958 | D:2      | HP: 1/47 [Natasha/puff of flame (7)]
  1959 | D:2      | Killed Natasha
  1960 | D:2      | Reached skill level 5 in Fighting
  1960 | D:2      | Reached skill level 5 in Armour
  1960 | D:2      | Reached skill level 5 in Shields
  2664 | D:2      | Found a faded altar of an unknown god.
  2922 | D:2      | Found a runed translucent door.
  2923 | D:2      | Noticed Crazy Yiuf
  3075 | D:3      | Noticed a phantom
  3257 | D:3      | Reached XP level 6. HP: 56/56 MP: 5/5
  4102 | D:4      | Reached skill level 5 in Long Blades
  4102 | D:4      | Reached XP level 7. HP: 23/62 MP: 6/6
  4814 | D:4      | Noticed Menkaure
  4820 | D:4      | Noticed Blork the orc
  4830 | D:4      | Slain by Menkaure

Illustrated notes

Levels and vault maps discovered:
D:1:      pf_arrival_petrified_forest, layout_loops_ring
D:2:      cheibrodos_old_hovel, layout_basic, basic_ecumenical_altar,
          minivault_5, chequers_serial_rivers_micro_c, uniq_terence,
          uniq_natasha, uniq_crazy_yiuf_cottage
D:3:      layout_loops_corners
D:4:      layout_cave_pools, uniq_blork_the_orc, uniq_menkaure

Skill      XL: |  1  2  3  4  5  6  7 |
---------------+----------------------+-----
Shields        | 4 5 6 |  6.2
Fighting       | 4 5 6 |  6.1
Armour         | 4 5 6 |  6.1
Long Blades    | 3 4 5 |  5.5

Action                   |  1- 3 |  4- 6 |  7- 9 || total
-------------------------+-------+-------+-------++-------
Melee: Long sword        |    70 |   144 |    42 ||   256
       Headbutt          |    10 |    24 |     6 ||    40
Armor: Scale mail        |    26 |    53 |    15 ||    94
Dodge: Dodged            |    26 |    62 |    20 ||   108
Block: Buckler           |    16 |    33 |     8 ||    57

Table legend: (Time is in decaauts)
 A = Elapsed time spent in this place.
 B = Non-inter-level travel time spent in this place.
 C = Inter-level travel time spent in this place.
 D = Time resting spent in this place.
 E = Time spent auto-exploring this place.
 F = Levels seen in this place.
 G = Mean time per level.
                   A        B        C        D        E       F      G
               +--------+--------+--------+--------+--------+-----+--------+
         Total |   4909 |   4732 |    177 |    342 |   3626 |   4 | 1227.2 |
       Dungeon |   4909 |   4732 |    177 |    342 |   3626 |   4 | 1227.2 |
               +--------+--------+--------+--------+--------+-----+--------+

Top non-repeatable levels by time:
     D:2: 2004 daAuts
     D:3: 1211 daAuts
     D:1: 1175 daAuts
     D:4: 517 daAuts
